Map: Dasan Station LE

Players

Fropez

  • Race: Protoss Protoss
  • League: Gold
  • Spawn Location: 6:00

coward - Winner!

  • Race: Zerg Zerg
  • League: Silver
  • Spawn Location: 12:00

VOD

Have the link to the VOD?

Description

Time

  • Played on: Aug. 30, 2016, 11:30 a.m.
  • Length: 9:17
Show
View Real Time Build Order
Export as new Build Order

Fropez Protoss 

Build Orders:  

Get SALT Encoding   

  12  0:01  Probe (Chrono Boost)  
  13  0:17  Pylon  
  13  0:19  Probe (Chrono Boost)  
  14  0:37  Probe (Chrono Boost)  
  15  0:44  Gateway  
  15  0:48  Gateway  
  16  0:50  Probe (Chrono Boost)  
  16  1:00  Pylon  
  16  1:01  Probe (Chrono Boost)  
  17  1:12  Probe (Chrono Boost), Assimilator  
  18  1:32  Gateway  
  18  1:41  Pylon, Probe (Chrono Boost)  
  19  1:52  Probe (Chrono Boost), Cybernetics Core  
  20  2:13  Nexus  
  20  2:25  Pylon  
  20  2:28  Warp Gate (Chrono Boost)  
  20  2:34  Stalker  
  22  2:43  Assimilator  
  22  2:49  Probe  
  22  3:02  Probe  
  22  3:05  Pylon  
  23  3:09  Stalker  
  23  3:11  Stalker  
  27  3:14  Probe  
  28  3:22  Stalker  
  28  3:25  Probe  
  31  3:29  Probe  
  32  3:42  Twilight Council  
  32  3:53  Gateway  
  32  3:57  Pylon  
  32  4:03  Pylon, Probe  
  32  4:05  Probe  
  34  4:23  Dark Shrine  
  34  4:26  Assimilator  
  34  4:27  Assimilator  
  34  4:29  Probe  
  35  4:35  Probe  
  36  4:43  Mothership Core  
  38  4:45  Probe  
  39  4:56  Probe  
  40  5:01  Robotics Facility  
  40  5:03  Pylon  
  40  5:05  Probe  
  41  5:08  Probe  
  42  5:19  Probe  
  43  5:26  Adept  
  45  5:33  Probe x2  
  47  5:43  Dark Templar  
  47  5:52  Zealot  
  49  6:03  Probe  
  49  6:04  Warp Prism (Chrono Boost)  
  50  6:10  Probe  
  53  6:23  Dark Templar x4  
  59  7:22  Stalker x3  
  63  7:23  Stalker  
  49  7:52  Gateway  
  49  7:54  Gateway  
  49  7:57  Gateway  
  49  7:59  Gateway  
  49  8:01  Gateway  
  49  8:03  Dark Templar x4  
  49  8:05  Pylon  
  57  8:07  Pylon, Probe  
  57  8:08  Probe  
  57  8:10  Pylon  
  59  8:14  Pylon  
  59  8:19  Probe  
  60  8:20  Probe  
  60  8:22  Pylon, Observer (Chrono Boost)  
  60  8:32  Pylon  
  59  8:41  Observer (Chrono Boost)  
  59  8:44  Dark Templar  
  59  8:45  Dark Templar  
  45  8:53  Probe x2  
  34  9:00  Stalker x5  
  42  9:05  Probe  
Show
View Real Time Build Order
Export as new Build Order

coward Zerg - Winner!

Build Orders: Hatch First 

Get SALT Encoding   

  12  0:07  Overlord  
  12  0:12  Drone  
  13  0:16  Drone  
  14  0:25  Drone  
  15  0:33  Drone  
  16  0:40  Drone  
  17  0:54  Hatchery  
  16  0:57  Drone  
  17  1:11  Spawning Pool  
  16  1:17  Overlord  
  16  1:24  Drone x2  
  18  1:59  Hatchery  
  17  2:02  Zergling x4  
  17  2:03  Zergling x2  
  20  2:15  Queen  
  22  2:29  Zergling x4  
  24  2:35  Queen  
  26  2:37  Drone x3  
  26  2:41  Drone  
  30  2:59  Drone x2  
  30  3:02  Extractor  
  30  3:03  Extractor  
  30  3:05  Drone x2  
  32  3:08  Drone  
  32  3:11  Queen  
  32  3:12  Zergling x2  
  36  3:25  Drone x2  
  38  3:28  Drone  
  38  3:30  Extractor x2  
  38  3:33  Drone x2  
  39  3:35  Drone  
  40  3:44  Drone x2  
  40  3:48  Overlord  
  42  3:50  Overlord  
  42  4:01  Metabolic Boost  
  42  4:06  Overlord, Hatchery  
  42  4:07  Overlord  
  42  4:09  Drone x2  
  44  4:10  Drone  
  44  4:12  Drone  
  44  4:13  Overlord  
  44  4:14  Lair  
  45  4:18  Zergling x4  
  45  4:19  Zergling x4  
  49  4:25  Drone  
  49  4:26  Drone x3  
  49  4:29  Extractor  
  52  4:34  Overlord x2  
  52  4:37  Drone x3  
  55  4:39  Zergling x2  
  56  4:52  Drone x2  
  58  4:56  Drone  
  58  4:57  Extractor, Drone  
  59  5:02  Drone  
  59  5:03  Drone x5  
  65  5:17  Overlord  
  65  5:24  Spire  
  65  5:25  Overlord x3  
  66  5:28  Drone x3  
  66  5:32  Zergling x2  
  66  5:33  Zergling x6  
  71  6:01  Zergling x4  
  71  6:02  Zergling x8  
  71  6:03  Overlord x2  
  71  6:04  Overlord x2  
  77  6:05  Queen  
  77  6:08  Drone x3  
  82  6:13  Drone x3  
  85  6:38  Mutalisk x5  
  85  6:39  Mutalisk  
  97  6:40  Mutalisk x4  
  97  6:43  Mutalisk x3  
  97  6:44  Mutalisk x2  
  114  6:53  Overseer x2  
  90  7:21  Drone x6  
  87  7:35  Drone  
  88  7:38  Drone x3  
  88  7:39  Drone  
  88  8:14  Overlord x2  
  88  8:31  Mutalisk x3  
  88  8:33  Mutalisk x5  
  93  8:57  Zergling x12  
  93  8:58  Zergling x4  
Tags
 
Matchup
PvZ
Replay Pack
All Mines
Spawn Locations
Cross Positions
Add a new tag
Caveats
  • Supply blocks, unpowered buildings, or Contaminate may cause inaccurate times.
  • Supply counts are checked every 10 seconds.